Workbook

Sheet Summary
A1: HVAC Emergency Service Rate Calculator
A2: Indicators use entered estimate rows only. Canceled rows are excluded from active totals.
A4: Entered Estimate Rows | B4: =COUNTIF('Service Rates'!$C$5:$C$104,"<>") | C4: Active Estimated Price | D4: =IF($B$4=0,"",SUMIFS('Service Rates'!$T$5:$T$104,'Service Rates'!$I$5:$I$104,"<>Canceled")) | E4: Active Direct Cost | F4: =IF($B$4=0,"",SUMIFS('Service Rates'!$U$5:$U$104,'Service Rates'!$I$5:$I$104,"<>Canceled")) | G4: Estimated Gross Margin | H4: =IFERROR(($D$4-$F$4)/$D$4,"")
A7: Rows Needing Human Check | B7: =COUNTIF('Service Rates'!$W$5:$W$104,"?*") | C7: Average Active Estimate | D7: =IFERROR($D$4/COUNTIFS('Service Rates'!$C$5:$C$104,"<>",'Service Rates'!$I$5:$I$104,"<>Canceled"),"") | E7: Completed Rows | F7: =COUNTIF('Service Rates'!$I$5:$I$104,"Completed") | G7: Canceled Rows | H7: =COUNTIF('Service Rates'!$I$5:$I$104,"Canceled")
A11: Service Window | B11: Active Rows | C11: Estimated Price
A12: ='Assumptions'!$A$5 | B12: =COUNTIFS('Service Rates'!$F$5:$F$104,$A12,'Service Rates'!$I$5:$I$104,"<>Canceled",'Service Rates'!$C$5:$C$104,"<>") | C12: =IF($B12=0,"",SUMIFS('Service Rates'!$T$5:$T$104,'Service Rates'!$F$5:$F$104,$A12,'Service Rates'!$I$5:$I$104,"<>Canceled"))
A13: ='Assumptions'!$A$6 | B13: =COUNTIFS('Service Rates'!$F$5:$F$104,$A13,'Service Rates'!$I$5:$I$104,"<>Canceled",'Service Rates'!$C$5:$C$104,"<>") | C13: =IF($B13=0,"",SUMIFS('Service Rates'!$T$5:$T$104,'Service Rates'!$F$5:$F$104,$A13,'Service Rates'!$I$5:$I$104,"<>Canceled"))
A14: ='Assumptions'!$A$7 | B14: =COUNTIFS('Service Rates'!$F$5:$F$104,$A14,'Service Rates'!$I$5:$I$104,"<>Canceled",'Service Rates'!$C$5:$C$104,"<>") | C14: =IF($B14=0,"",SUMIFS('Service Rates'!$T$5:$T$104,'Service Rates'!$F$5:$F$104,$A14,'Service Rates'!$I$5:$I$104,"<>Canceled"))
A15: ='Assumptions'!$A$8 | B15: =COUNTIFS('Service Rates'!$F$5:$F$104,$A15,'Service Rates'!$I$5:$I$104,"<>Canceled",'Service Rates'!$C$5:$C$104,"<>") | C15: =IF($B15=0,"",SUMIFS('Service Rates'!$T$5:$T$104,'Service Rates'!$F$5:$F$104,$A15,'Service Rates'!$I$5:$I$104,"<>Canceled"))

Sheet Service Rates
A1: Emergency Service Rate Calculations
A2: Enter job details in orange cells. Calculated cells use the editable assumptions and do not include taxes.
A3: Review any alert before using a price. Entered statuses and responsibilities are planning labels only.
A4: Service Date | B4: Customer | C4: Job ID | D4: Equipment | E4: Technician | F4: Service Window | G4: Description | H4: Responsibility | I4: Status | J4: Labor Hours | K4: Parts Quantity | L4: Parts Unit | M4: Parts Unit Cost | N4: Minimum Callout | O4: Billable Labor Hours | P4: Billed Labor Rate | Q4: Labor Charge | R4: Parts Price | S4: Emergency Premium | T4: Estimated Price | U4: Estimated Direct Cost | V4: Estimated Gross Margin | W4: Review Alert
A5: 46268 | B5: Fictional Customer 01 | C5: FICTIONAL-EMR-001 | D5: Fictional Training Rooftop Unit A | E5: Fictional Tech A | F5: Weeknight | G5: Demo no-cool diagnostic and capacitor replacement | H5: Customer | I5: Draft | J5: 1.5 | K5: 1 | L5: Each | M5: 28.5 | N5: =IF(OR($C5="",$F5=""),"",IFERROR(VLOOKUP($F5,'Assumptions'!$A$5:$F$8,2,FALSE),"")) | O5: =IF(OR($C5="",$F5="",$J5=""),"",IFERROR(MAX($J5,VLOOKUP($F5,'Assumptions'!$A$5:$F$8,3,FALSE)),"")) | P5: =IF(OR($C5="",$F5=""),"",IFERROR(VLOOKUP($F5,'Assumptions'!$A$5:$F$8,4,FALSE)*VLOOKUP($F5,'Assumptions'!$A$5:$F$8,5,FALSE),"")) | Q5: =IF(OR($C5="",$O5="",$P5=""),"",IFERROR($O5*$P5,"")) | R5: =IF($C5="","",IF(AND($K5="",$M5=""),0,IF(OR($K5="",$M5=""),"",IFERROR($K5*$M5*(1+'Assumptions'!$B$13),"")))) | S5: =IF(OR($C5="",$N5="",$Q5=""),"",IFERROR(($N5+$Q5)*VLOOKUP($F5,'Assumptions'!$A$5:$F$8,6,FALSE),"")) | T5: =IF($C5="","",IF(OR($N5="",$Q5="",$R5="",$S5=""),"",SUM($N5,$Q5,$R5,$S5))) | U5: =IF($C5="","",IF(OR($F5="",$J5="",AND($K5<>"",$M5=""),AND($K5="",$M5<>"")),"",IFERROR($J5*'Assumptions'!$B$14*VLOOKUP($F5,'Assumptions'!$A$5:$F$8,5,FALSE)+IF(AND($K5="",$M5=""),0,$K5*$M5),""))) | V5: =IF(OR($C5="",$T5="",$U5=""),"",IFERROR(($T5-$U5)/$T5,"")) | W5: =IF($C5="","",IF(OR($A5="",$B5="",$D5="",$E5="",$F5="",$G5="",$H5="",$I5="",$J5=""),"Complete required inputs",IF($J5>'Assumptions'!$B$15,"Check labor hours",IF(OR(AND($K5<>"",$M5=""),AND($K5="",$M5<>""),AND($K5>0,$L5=""),AND($K5="",$L5<>"")),"Check parts entries",IF($I5="Needs Review","Review entered status","")))))
A6: 46269 | B6: Fictional Customer 02 | C6: FICTIONAL-EMR-002 | D6: Fictional Training Air Handler B | E6: Fictional Tech B | F6: Weekend | G6: Demo blower wheel inspection and replacement | H6: Customer | I6: Scheduled | J6: 2.75 | K6: 1 | L6: Each | M6: 86 | N6: =IF(OR($C6="",$F6=""),"",IFERROR(VLOOKUP($F6,'Assumptions'!$A$5:$F$8,2,FALSE),"")) | O6: =IF(OR($C6="",$F6="",$J6=""),"",IFERROR(MAX($J6,VLOOKUP($F6,'Assumptions'!$A$5:$F$8,3,FALSE)),"")) | P6: =IF(OR($C6="",$F6=""),"",IFERROR(VLOOKUP($F6,'Assumptions'!$A$5:$F$8,4,FALSE)*VLOOKUP($F6,'Assumptions'!$A$5:$F$8,5,FALSE),"")) | Q6: =IF(OR($C6="",$O6="",$P6=""),"",IFERROR($O6*$P6,"")) | R6: =IF($C6="","",IF(AND($K6="",$M6=""),0,IF(OR($K6="",$M6=""),"",IFERROR($K6*$M6*(1+'Assumptions'!$B$13),"")))) | S6: =IF(OR($C6="",$N6="",$Q6=""),"",IFERROR(($N6+$Q6)*VLOOKUP($F6,'Assumptions'!$A$5:$F$8,6,FALSE),"")) | T6: =IF($C6="","",IF(OR($N6="",$Q6="",$R6="",$S6=""),"",SUM($N6,$Q6,$R6,$S6))) | U6: =IF($C6="","",IF(OR($F6="",$J6="",AND($K6<>"",$M6=""),AND($K6="",$M6<>"")),"",IFERROR($J6*'Assumptions'!$B$14*VLOOKUP($F6,'Assumptions'!$A$5:$F$8,5,FALSE)+IF(AND($K6="",$M6=""),0,$K6*$M6),""))) | V6: =IF(OR($C6="",$T6="",$U6=""),"",IFERROR(($T6-$U6)/$T6,"")) | W6: =IF($C6="","",IF(OR($A6="",$B6="",$D6="",$E6="",$F6="",$G6="",$H6="",$I6="",$J6=""),"Complete required inputs",IF($J6>'Assumptions'!$B$15,"Check labor hours",IF(OR(AND($K6<>"",$M6=""),AND($K6="",$M6<>""),AND($K6>0,$L6=""),AND($K6="",$L6<>"")),"Check parts entries",IF($I6="Needs Review","Review entered status","")))))
A7: 46270 | B7: Fictional Customer 03 | C7: FICTIONAL-EMR-003 | D7: Fictional Training Boiler C | E7: Fictional Tech C | F7: Holiday | G7: Demo boiler ignition check and sensor replacement | H7: Warranty Review | I7: Needs Review | J7: 3.25 | K7: 1 | L7: Each | M7: 44 | N7: =IF(OR($C7="",$F7=""),"",IFERROR(VLOOKUP($F7,'Assumptions'!$A$5:$F$8,2,FALSE),"")) | O7: =IF(OR($C7="",$F7="",$J7=""),"",IFERROR(MAX($J7,VLOOKUP($F7,'Assumptions'!$A$5:$F$8,3,FALSE)),"")) | P7: =IF(OR($C7="",$F7=""),"",IFERROR(VLOOKUP($F7,'Assumptions'!$A$5:$F$8,4,FALSE)*VLOOKUP($F7,'Assumptions'!$A$5:$F$8,5,FALSE),"")) | Q7: =IF(OR($C7="",$O7="",$P7=""),"",IFERROR($O7*$P7,"")) | R7: =IF($C7="","",IF(AND($K7="",$M7=""),0,IF(OR($K7="",$M7=""),"",IFERROR($K7*$M7*(1+'Assumptions'!$B$13),"")))) | S7: =IF(OR($C7="",$N7="",$Q7=""),"",IFERROR(($N7+$Q7)*VLOOKUP($F7,'Assumptions'!$A$5:$F$8,6,FALSE),"")) | T7: =IF($C7="","",IF(OR($N7="",$Q7="",$R7="",$S7=""),"",SUM($N7,$Q7,$R7,$S7))) | U7: =IF($C7="","",IF(OR($F7="",$J7="",AND($K7<>"",$M7=""),AND($K7="",$M7<>"")),"",IFERROR($J7*'Assumptions'!$B$14*VLOOKUP($F7,'Assumptions'!$A$5:$F$8,5,FALSE)+IF(AND($K7="",$M7=""),0,$K7*$M7),""))) | V7: =IF(OR($C7="",$T7="",$U7=""),"",IFERROR(($T7-$U7)/$T7,"")) | W7: =IF($C7="","",IF(OR($A7="",$B7="",$D7="",$E7="",$F7="",$G7="",$H7="",$I7="",$J7=""),"Complete required inputs",IF($J7>'Assumptions'!$B$15,"Check labor hours",IF(OR(AND($K7<>"",$M7=""),AND($K7="",$M7<>""),AND($K7>0,$L7=""),AND($K7="",$L7<>"")),"Check parts entries",IF($I7="Needs Review","Review entered status","")))))
A8: 46271 | B8: Fictional Customer 04 | C8: FICTIONAL-EMR-004 | D8: Fictional Training Furnace D | E8: Fictional Tech D | F8: Normal Hours | G8: Demo condensate drain clearing | H8: Contractor | I8: Scheduled | J8: 0.75 | K8: 12 | L8: Foot | M8: 1.25 | N8: =IF(OR($C8="",$F8=""),"",IFERROR(VLOOKUP($F8,'Assumptions'!$A$5:$F$8,2,FALSE),"")) | O8: =IF(OR($C8="",$F8="",$J8=""),"",IFERROR(MAX($J8,VLOOKUP($F8,'Assumptions'!$A$5:$F$8,3,FALSE)),"")) | P8: =IF(OR($C8="",$F8=""),"",IFERROR(VLOOKUP($F8,'Assumptions'!$A$5:$F$8,4,FALSE)*VLOOKUP($F8,'Assumptions'!$A$5:$F$8,5,FALSE),"")) | Q8: =IF(OR($C8="",$O8="",$P8=""),"",IFERROR($O8*$P8,"")) | R8: =IF($C8="","",IF(AND($K8="",$M8=""),0,IF(OR($K8="",$M8=""),"",IFERROR($K8*$M8*(1+'Assumptions'!$B$13),"")))) | S8: =IF(OR($C8="",$N8="",$Q8=""),"",IFERROR(($N8+$Q8)*VLOOKUP($F8,'Assumptions'!$A$5:$F$8,6,FALSE),"")) | T8: =IF($C8="","",IF(OR($N8="",$Q8="",$R8="",$S8=""),"",SUM($N8,$Q8,$R8,$S8))) | U8: =IF($C8="","",IF(OR($F8="",$J8="",AND($K8<>"",$M8=""),AND($K8="",$M8<>"")),"",IFERROR($J8*'Assumptions'!$B$14*VLOOKUP($F8,'Assumptions'!$A$5:$F$8,5,FALSE)+IF(AND($K8="",$M8=""),0,$K8*$M8),""))) | V8: =IF(OR($C8="",$T8="",$U8=""),"",IFERROR(($T8-$U8)/$T8,"")) | W8: =IF($C8="","",IF(OR($A8="",$B8="",$D8="",$E8="",$F8="",$G8="",$H8="",$I8="",$J8=""),"Complete required inputs",IF($J8>'Assumptions'!$B$15,"Check labor hours",IF(OR(AND($K8<>"",$M8=""),AND($K8="",$M8<>""),AND($K8>0,$L8=""),AND($K8="",$L8<>"")),"Check parts entries",IF($I8="Needs Review","Review entered status","")))))
A9: 46272 | B9: Fictional Customer 05 | C9: FICTIONAL-EMR-005 | D9: Fictional Training Heat Pump E | E9: Fictional Tech A | F9: Weeknight | G9: Demo heat pump contactor replacement | H9: Customer | I9: Completed | J9: 2.5 | K9: 1 | L9: Each | M9: 52 | N9: =IF(OR($C9="",$F9=""),"",IFERROR(VLOOKUP($F9,'Assumptions'!$A$5:$F$8,2,FALSE),"")) | O9: =IF(OR($C9="",$F9="",$J9=""),"",IFERROR(MAX($J9,VLOOKUP($F9,'Assumptions'!$A$5:$F$8,3,FALSE)),"")) | P9: =IF(OR($C9="",$F9=""),"",IFERROR(VLOOKUP($F9,'Assumptions'!$A$5:$F$8,4,FALSE)*VLOOKUP($F9,'Assumptions'!$A$5:$F$8,5,FALSE),"")) | Q9: =IF(OR($C9="",$O9="",$P9=""),"",IFERROR($O9*$P9,"")) | R9: =IF($C9="","",IF(AND($K9="",$M9=""),0,IF(OR($K9="",$M9=""),"",IFERROR($K9*$M9*(1+'Assumptions'!$B$13),"")))) | S9: =IF(OR($C9="",$N9="",$Q9=""),"",IFERROR(($N9+$Q9)*VLOOKUP($F9,'Assumptions'!$A$5:$F$8,6,FALSE),"")) | T9: =IF($C9="","",IF(OR($N9="",$Q9="",$R9="",$S9=""),"",SUM($N9,$Q9,$R9,$S9))) | U9: =IF($C9="","",IF(OR($F9="",$J9="",AND($K9<>"",$M9=""),AND($K9="",$M9<>"")),"",IFERROR($J9*'Assumptions'!$B$14*VLOOKUP($F9,'Assumptions'!$A$5:$F$8,5,FALSE)+IF(AND($K9="",$M9=""),0,$K9*$M9),""))) | V9: =IF(OR($C9="",$T9="",$U9=""),"",IFERROR(($T9-$U9)/$T9,"")) | W9: =IF($C9="","",IF(OR($A9="",$B9="",$D9="",$E9="",$F9="",$G9="",$H9="",$I9="",$J9=""),"Complete required inputs",IF($J9>'Assumptions'!$B$15,"Check labor hours",IF(OR(AND($K9<>"",$M9=""),AND($K9="",$M9<>""),AND($K9>0,$L9=""),AND($K9="",$L9<>"")),"Check parts entries",IF($I9="Needs Review","Review entered status","")))))
A10: 46273 | B10: Fictional Customer 06 | C10: FICTIONAL-EMR-006 | D10: Fictional Training Split System F | E10: Fictional Tech B | F10: Weekend | G10: Demo refrigerant leak visual check | H10: Customer | I10: Needs Review | J10: 4 | N10: =IF(OR($C10="",$F10=""),"",IFERROR(VLOOKUP($F10,'Assumptions'!$A$5:$F$8,2,FALSE),"")) | O10: =IF(OR($C10="",$F10="",$J10=""),"",IFERROR(MAX($J10,VLOOKUP($F10,'Assumptions'!$A$5:$F$8,3,FALSE)),"")) | P10: =IF(OR($C10="",$F10=""),"",IFERROR(VLOOKUP($F10,'Assumptions'!$A$5:$F$8,4,FALSE)*VLOOKUP($F10,'Assumptions'!$A$5:$F$8,5,FALSE),"")) | Q10: =IF(OR($C10="",$O10="",$P10=""),"",IFERROR($O10*$P10,"")) | R10: =IF($C10="","",IF(AND($K10="",$M10=""),0,IF(OR($K10="",$M10=""),"",IFERROR($K10*$M10*(1+'Assumptions'!$B$13),"")))) | S10: =IF(OR($C10="",$N10="",$Q10=""),"",IFERROR(($N10+$Q10)*VLOOKUP($F10,'Assumptions'!$A$5:$F$8,6,FALSE),"")) | T10: =IF($C10="","",IF(OR($N10="",$Q10="",$R10="",$S10=""),"",SUM($N10,$Q10,$R10,$S10))) | U10: =IF($C10="","",IF(OR($F10="",$J10="",AND($K10<>"",$M10=""),AND($K10="",$M10<>"")),"",IFERROR($J10*'Assumptions'!$B$14*VLOOKUP($F10,'Assumptions'!$A$5:$F$8,5,FALSE)+IF(AND($K10="",$M10=""),0,$K10*$M10),""))) | V10: =IF(OR($C10="",$T10="",$U10=""),"",IFERROR(($T10-$U10)/$T10,"")) | W10: =IF($C10="","",IF(OR($A10="",$B10="",$D10="",$E10="",$F10="",$G10="",$H10="",$I10="",$J10=""),"Complete required inputs",IF($J10>'Assumptions'!$B$15,"Check labor hours",IF(OR(AND($K10<>"",$M10=""),AND($K10="",$M10<>""),AND($K10>0,$L10=""),AND($K10="",$L10<>"")),"Check parts entries",IF($I10="Needs Review","Review entered status","")))))
A11: 46274 | B11: Fictional Customer 07 | C11: FICTIONAL-EMR-007 | D11: Fictional Training Air Handler G | E11: Fictional Tech C | F11: Holiday | G11: Demo air handler motor evaluation | H11: Customer | I11: Draft | J11: 18 | K11: 1 | L11: Each | M11: 310 | N11: =IF(OR($C11="",$F11=""),"",IFERROR(VLOOKUP($F11,'Assumptions'!$A$5:$F$8,2,FALSE),"")) | O11: =IF(OR($C11="",$F11="",$J11=""),"",IFERROR(MAX($J11,VLOOKUP($F11,'Assumptions'!$A$5:$F$8,3,FALSE)),"")) | P11: =IF(OR($C11="",$F11=""),"",IFERROR(VLOOKUP($F11,'Assumptions'!$A$5:$F$8,4,FALSE)*VLOOKUP($F11,'Assumptions'!$A$5:$F$8,5,FALSE),"")) | Q11: =IF(OR($C11="",$O11="",$P11=""),"",IFERROR($O11*$P11,"")) | R11: =IF($C11="","",IF(AND($K11="",$M11=""),0,IF(OR($K11="",$M11=""),"",IFERROR($K11*$M11*(1+'Assumptions'!$B$13),"")))) | S11: =IF(OR($C11="",$N11="",$Q11=""),"",IFERROR(($N11+$Q11)*VLOOKUP($F11,'Assumptions'!$A$5:$F$8,6,FALSE),"")) | T11: =IF($C11="","",IF(OR($N11="",$Q11="",$R11="",$S11=""),"",SUM($N11,$Q11,$R11,$S11))) | U11: =IF($C11="","",IF(OR($F11="",$J11="",AND($K11<>"",$M11=""),AND($K11="",$M11<>"")),"",IFERROR($J11*'Assumptions'!$B$14*VLOOKUP($F11,'Assumptions'!$A$5:$F$8,5,FALSE)+IF(AND($K11="",$M11=""),0,$K11*$M11),""))) | V11: =IF(OR($C11="",$T11="",$U11=""),"",IFERROR(($T11-$U11)/$T11,"")) | W11: =IF($C11="","",IF(OR($A11="",$B11="",$D11="",$E11="",$F11="",$G11="",$H11="",$I11="",$J11=""),"Complete required inputs",IF($J11>'Assumptions'!$B$15,"Check labor hours",IF(OR(AND($K11<>"",$M11=""),AND($K11="",$M11<>""),AND($K11>0,$L11=""),AND($K11="",$L11<>"")),"Check parts entries",IF($I11="Needs Review","Review entered status","")))))
A12: 46275 | B12: Fictional Customer 08 | C12: FICTIONAL-EMR-008 | D12: Fictional Training Furnace H | E12: Fictional Tech D | F12: Normal Hours | G12: Demo thermostat wiring correction | H12: Contractor | I12: Canceled | J12: 1 | K12: 20 | L12: Foot | M12: 0.85 | N12: =IF(OR($C12="",$F12=""),"",IFERROR(VLOOKUP($F12,'Assumptions'!$A$5:$F$8,2,FALSE),"")) | O12: =IF(OR($C12="",$F12="",$J12=""),"",IFERROR(MAX($J12,VLOOKUP($F12,'Assumptions'!$A$5:$F$8,3,FALSE)),"")) | P12: =IF(OR($C12="",$F12=""),"",IFERROR(VLOOKUP($F12,'Assumptions'!$A$5:$F$8,4,FALSE)*VLOOKUP($F12,'Assumptions'!$A$5:$F$8,5,FALSE),"")) | Q12: =IF(OR($C12="",$O12="",$P12=""),"",IFERROR($O12*$P12,"")) | R12: =IF($C12="","",IF(AND($K12="",$M12=""),0,IF(OR($K12="",$M12=""),"",IFERROR($K12*$M12*(1+'Assumptions'!$B$13),"")))) | S12: =IF(OR($C12="",$N12="",$Q12=""),"",IFERROR(($N12+$Q12)*VLOOKUP($F12,'Assumptions'!$A$5:$F$8,6,FALSE),"")) | T12: =IF($C12="","",IF(OR($N12="",$Q12="",$R12="",$S12=""),"",SUM($N12,$Q12,$R12,$S12))) | U12: =IF($C12="","",IF(OR($F12="",$J12="",AND($K12<>"",$M12=""),AND($K12="",$M12<>"")),"",IFERROR($J12*'Assumptions'!$B$14*VLOOKUP($F12,'Assumptions'!$A$5:$F$8,5,FALSE)+IF(AND($K12="",$M12=""),0,$K12*$M12),""))) | V12: =IF(OR($C12="",$T12="",$U12=""),"",IFERROR(($T12-$U12)/$T12,"")) | W12: =IF($C12="","",IF(OR($A12="",$B12="",$D12="",$E12="",$F12="",$G12="",$H12="",$I12="",$J12=""),"Complete required inputs",IF($J12>'Assumptions'!$B$15,"Check labor hours",IF(OR(AND($K12<>"",$M12=""),AND($K12="",$M12<>""),AND($K12>0,$L12=""),AND($K12="",$L12<>"")),"Check parts entries",IF($I12="Needs Review","Review entered status","")))))
A13: 46276 | B13: Fictional Customer 09 | C13: FICTIONAL-EMR-009 | D13: Fictional Training Rooftop Unit I | E13: Fictional Tech A | F13: Weeknight | G13: Demo rooftop belt replacement | H13: Warranty Review | I13: Scheduled | J13: 0 | K13: 1 | L13: Each | M13: 24 | N13: =IF(OR($C13="",$F13=""),"",IFERROR(VLOOKUP($F13,'Assumptions'!$A$5:$F$8,2,FALSE),"")) | O13: =IF(OR($C13="",$F13="",$J13=""),"",IFERROR(MAX($J13,VLOOKUP($F13,'Assumptions'!$A$5:$F$8,3,FALSE)),"")) | P13: =IF(OR($C13="",$F13=""),"",IFERROR(VLOOKUP($F13,'Assumptions'!$A$5:$F$8,4,FALSE)*VLOOKUP($F13,'Assumptions'!$A$5:$F$8,5,FALSE),"")) | Q13: =IF(OR($C13="",$O13="",$P13=""),"",IFERROR($O13*$P13,"")) | R13: =IF($C13="","",IF(AND($K13="",$M13=""),0,IF(OR($K13="",$M13=""),"",IFERROR($K13*$M13*(1+'Assumptions'!$B$13),"")))) | S13: =IF(OR($C13="",$N13="",$Q13=""),"",IFERROR(($N13+$Q13)*VLOOKUP($F13,'Assumptions'!$A$5:$F$8,6,FALSE),"")) | T13: =IF($C13="","",IF(OR($N13="",$Q13="",$R13="",$S13=""),"",SUM($N13,$Q13,$R13,$S13))) | U13: =IF($C13="","",IF(OR($F13="",$J13="",AND($K13<>"",$M13=""),AND($K13="",$M13<>"")),"",IFERROR($J13*'Assumptions'!$B$14*VLOOKUP($F13,'Assumptions'!$A$5:$F$8,5,FALSE)+IF(AND($K13="",$M13=""),0,$K13*$M13),""))) | V13: =IF(OR($C13="",$T13="",$U13=""),"",IFERROR(($T13-$U13)/$T13,"")) | W13: =IF($C13="","",IF(OR($A13="",$B13="",$D13="",$E13="",$F13="",$G13="",$H13="",$I13="",$J13=""),"Complete required inputs",IF($J13>'Assumptions'!$B$15,"Check labor hours",IF(OR(AND($K13<>"",$M13=""),AND($K13="",$M13<>""),AND($K13>0,$L13=""),AND($K13="",$L13<>"")),"Check parts entries",IF($I13="Needs Review","Review entered status","")))))
A14: 46277 | B14: Fictional Customer 10 | C14: FICTIONAL-EMR-010 | D14: Fictional Training Hydronic Unit J | E14: Fictional Tech B | F14: Weekend | G14: Demo hydronic circulator evaluation | H14: Customer | I14: Completed | J14: 5.5 | K14: 2 | L14: Each | M14: 132 | N14: =IF(OR($C14="",$F14=""),"",IFERROR(VLOOKUP($F14,'Assumptions'!$A$5:$F$8,2,FALSE),"")) | O14: =IF(OR($C14="",$F14="",$J14=""),"",IFERROR(MAX($J14,VLOOKUP($F14,'Assumptions'!$A$5:$F$8,3,FALSE)),"")) | P14: =IF(OR($C14="",$F14=""),"",IFERROR(VLOOKUP($F14,'Assumptions'!$A$5:$F$8,4,FALSE)*VLOOKUP($F14,'Assumptions'!$A$5:$F$8,5,FALSE),"")) | Q14: =IF(OR($C14="",$O14="",$P14=""),"",IFERROR($O14*$P14,"")) | R14: =IF($C14="","",IF(AND($K14="",$M14=""),0,IF(OR($K14="",$M14=""),"",IFERROR($K14*$M14*(1+'Assumptions'!$B$13),"")))) | S14: =IF(OR($C14="",$N14="",$Q14=""),"",IFERROR(($N14+$Q14)*VLOOKUP($F14,'Assumptions'!$A$5:$F$8,6,FALSE),"")) | T14: =IF($C14="","",IF(OR($N14="",$Q14="",$R14="",$S14=""),"",SUM($N14,$Q14,$R14,$S14))) | U14: =IF($C14="","",IF(OR($F14="",$J14="",AND($K14<>"",$M14=""),AND($K14="",$M14<>"")),"",IFERROR($J14*'Assumptions'!$B$14*VLOOKUP($F14,'Assumptions'!$A$5:$F$8,5,FALSE)+IF(AND($K14="",$M14=""),0,$K14*$M14),""))) | V14: =IF(OR($C14="",$T14="",$U14=""),"",IFERROR(($T14-$U14)/$T14,"")) | W14: =IF($C14="","",IF(OR($A14="",$B14="",$D14="",$E14="",$F14="",$G14="",$H14="",$I14="",$J14=""),"Complete required inputs",IF($J14>'Assumptions'!$B$15,"Check labor hours",IF(OR(AND($K14<>"",$M14=""),AND($K14="",$M14<>""),AND($K14>0,$L14=""),AND($K14="",$L14<>"")),"Check parts entries",IF($I14="Needs Review","Review entered status","")))))
N15: =IF(OR($C15="",$F15=""),"",IFERROR(VLOOKUP($F15,'Assumptions'!$A$5:$F$8,2,FALSE),"")) | O15: =IF(OR($C15="",$F15="",$J15=""),"",IFERROR(MAX($J15,VLOOKUP($F15,'Assumptions'!$A$5:$F$8,3,FALSE)),"")) | P15: =IF(OR($C15="",$F15=""),"",IFERROR(VLOOKUP($F15,'Assumptions'!$A$5:$F$8,4,FALSE)*VLOOKUP($F15,'Assumptions'!$A$5:$F$8,5,FALSE),"")) | Q15: =IF(OR($C15="",$O15="",$P15=""),"",IFERROR($O15*$P15,"")) | R15: =IF($C15="","",IF(AND($K15="",$M15=""),0,IF(OR($K15="",$M15=""),"",IFERROR($K15*$M15*(1+'Assumptions'!$B$13),"")))) | S15: =IF(OR($C15="",$N15="",$Q15=""),"",IFERROR(($N15+$Q15)*VLOOKUP($F15,'Assumptions'!$A$5:$F$8,6,FALSE),"")) | T15: =IF($C15="","",IF(OR($N15="",$Q15="",$R15="",$S15=""),"",SUM($N15,$Q15,$R15,$S15))) | U15: =IF($C15="","",IF(OR($F15="",$J15="",AND($K15<>"",$M15=""),AND($K15="",$M15<>"")),"",IFERROR($J15*'Assumptions'!$B$14*VLOOKUP($F15,'Assumptions'!$A$5:$F$8,5,FALSE)+IF(AND($K15="",$M15=""),0,$K15*$M15),""))) | V15: =IF(OR($C15="",$T15="",$U15=""),"",IFERROR(($T15-$U15)/$T15,"")) | W15: =IF($C15="","",IF(OR($A15="",$B15="",$D15="",$E15="",$F15="",$G15="",$H15="",$I15="",$J15=""),"Complete required inputs",IF($J15>'Assumptions'!$B$15,"Check labor hours",IF(OR(AND($K15<>"",$M15=""),AND($K15="",$M15<>""),AND($K15>0,$L15=""),AND($K15="",$L15<>"")),"Check parts entries",IF($I15="Needs Review","Review entered status","")))))
N16: =IF(OR($C16="",$F16=""),"",IFERROR(VLOOKUP($F16,'Assumptions'!$A$5:$F$8,2,FALSE),"")) | O16: =IF(OR($C16="",$F16="",$J16=""),"",IFERROR(MAX($J16,VLOOKUP($F16,'Assumptions'!$A$5:$F$8,3,FALSE)),"")) | P16: =IF(OR($C16="",$F16=""),"",IFERROR(VLOOKUP($F16,'Assumptions'!$A$5:$F$8,4,FALSE)*VLOOKUP($F16,'Assumptions'!$A$5:$F$8,5,FALSE),"")) | Q16: =IF(OR($C16="",$O16="",$P16=""),"",IFERROR($O16*$P16,"")) | R16: =IF($C16="","",IF(AND($K16="",$M16=""),0,IF(OR($K16="",$M16=""),"",IFERROR($K16*$M16*(1+'Assumptions'!$B$13),"")))) | S16: =IF(OR($C16="",$N16="",$Q16=""),"",IFERROR(($N16+$Q16)*VLOOKUP($F16,'Assumptions'!$A$5:$F$8,6,FALSE),"")) | T16: =IF($C16="","",IF(OR($N16="",$Q16="",$R16="",$S16=""),"",SUM($N16,$Q16,$R16,$S16))) | U16: =IF($C16="","",IF(OR($F16="",$J16="",AND($K16<>"",$M16=""),AND($K16="",$M16<>"")),"",IFERROR($J16*'Assumptions'!$B$14*VLOOKUP($F16,'Assumptions'!$A$5:$F$8,5,FALSE)+IF(AND($K16="",$M16=""),0,$K16*$M16),""))) | V16: =IF(OR($C16="",$T16="",$U16=""),"",IFERROR(($T16-$U16)/$T16,"")) | W16: =IF($C16="","",IF(OR($A16="",$B16="",$D16="",$E16="",$F16="",$G16="",$H16="",$I16="",$J16=""),"Complete required inputs",IF($J16>'Assumptions'!$B$15,"Check labor hours",IF(OR(AND($K16<>"",$M16=""),AND($K16="",$M16<>""),AND($K16>0,$L16=""),AND($K16="",$L16<>"")),"Check parts entries",IF($I16="Needs Review","Review entered status","")))))
N17: =IF(OR($C17="",$F17=""),"",IFERROR(VLOOKUP($F17,'Assumptions'!$A$5:$F$8,2,FALSE),"")) | O17: =IF(OR($C17="",$F17="",$J17=""),"",IFERROR(MAX($J17,VLOOKUP($F17,'Assumptions'!$A$5:$F$8,3,FALSE)),"")) | P17: =IF(OR($C17="",$F17=""),"",IFERROR(VLOOKUP($F17,'Assumptions'!$A$5:$F$8,4,FALSE)*VLOOKUP($F17,'Assumptions'!$A$5:$F$8,5,FALSE),"")) | Q17: =IF(OR($C17="",$O17="",$P17=""),"",IFERROR($O17*$P17,"")) | R17: =IF($C17="","",IF(AND($K17="",$M17=""),0,IF(OR($K17="",$M17=""),"",IFERROR($K17*$M17*(1+'Assumptions'!$B$13),"")))) | S17: =IF(OR($C17="",$N17="",$Q17=""),"",IFERROR(($N17+$Q17)*VLOOKUP($F17,'Assumptions'!$A$5:$F$8,6,FALSE),"")) | T17: =IF($C17="","",IF(OR($N17="",$Q17="",$R17="",$S17=""),"",SUM($N17,$Q17,$R17,$S17))) | U17: =IF($C17="","",IF(OR($F17="",$J17="",AND($K17<>"",$M17=""),AND($K17="",$M17<>"")),"",IFERROR($J17*'Assumptions'!$B$14*VLOOKUP($F17,'Assumptions'!$A$5:$F$8,5,FALSE)+IF(AND($K17="",$M17=""),0,$K17*$M17),""))) | V17: =IF(OR($C17="",$T17="",$U17=""),"",IFERROR(($T17-$U17)/$T17,"")) | W17: =IF($C17="","",IF(OR($A17="",$B17="",$D17="",$E17="",$F17="",$G17="",$H17="",$I17="",$J17=""),"Complete required inputs",IF($J17>'Assumptions'!$B$15,"Check labor hours",IF(OR(AND($K17<>"",$M17=""),AND($K17="",$M17<>""),AND($K17>0,$L17=""),AND($K17="",$L17<>"")),"Check parts entries",IF($I17="Needs Review","Review entered status","")))))
N18: =IF(OR($C18="",$F18=""),"",IFERROR(VLOOKUP($F18,'Assumptions'!$A$5:$F$8,2,FALSE),"")) | O18: =IF(OR($C18="",$F18="",$J18=""),"",IFERROR(MAX($J18,VLOOKUP($F18,'Assumptions'!$A$5:$F$8,3,FALSE)),"")) | P18: =IF(OR($C18="",$F18=""),"",IFERROR(VLOOKUP($F18,'Assumptions'!$A$5:$F$8,4,FALSE)*VLOOKUP($F18,'Assumptions'!$A$5:$F$8,5,FALSE),"")) | Q18: =IF(OR($C18="",$O18="",$P18=""),"",IFERROR($O18*$P18,"")) | R18: =IF($C18="","",IF(AND($K18="",$M18=""),0,IF(OR($K18="",$M18=""),"",IFERROR($K18*$M18*(1+'Assumptions'!$B$13),"")))) | S18: =IF(OR($C18="",$N18="",$Q18=""),"",IFERROR(($N18+$Q18)*VLOOKUP($F18,'Assumptions'!$A$5:$F$8,6,FALSE),"")) | T18: =IF($C18="","",IF(OR($N18="",$Q18="",$R18="",$S18=""),"",SUM($N18,$Q18,$R18,$S18))) | U18: =IF($C18="","",IF(OR($F18="",$J18="",AND($K18<>"",$M18=""),AND($K18="",$M18<>"")),"",IFERROR($J18*'Assumptions'!$B$14*VLOOKUP($F18,'Assumptions'!$A$5:$F$8,5,FALSE)+IF(AND($K18="",$M18=""),0,$K18*$M18),""))) | V18: =IF(OR($C18="",$T18="",$U18=""),"",IFERROR(($T18-$U18)/$T18,"")) | W18: =IF($C18="","",IF(OR($A18="",$B18="",$D18="",$E18="",$F18="",$G18="",$H18="",$I18="",$J18=""),"Complete required inputs",IF($J18>'Assumptions'!$B$15,"Check labor hours",IF(OR(AND($K18<>"",$M18=""),AND($K18="",$M18<>""),AND($K18>0,$L18=""),AND($K18="",$L18<>"")),"Check parts entries",IF($I18="Needs Review","Review entered status","")))))
N19: =IF(OR($C19="",$F19=""),"",IFERROR(VLOOKUP($F19,'Assumptions'!$A$5:$F$8,2,FALSE),"")) | O19: =IF(OR($C19="",$F19="",$J19=""),"",IFERROR(MAX($J19,VLOOKUP($F19,'Assumptions'!$A$5:$F$8,3,FALSE)),"")) | P19: =IF(OR($C19="",$F19=""),"",IFERROR(VLOOKUP($F19,'Assumptions'!$A$5:$F$8,4,FALSE)*VLOOKUP($F19,'Assumptions'!$A$5:$F$8,5,FALSE),"")) | Q19: =IF(OR($C19="",$O19="",$P19=""),"",IFERROR($O19*$P19,"")) | R19: =IF($C19="","",IF(AND($K19="",$M19=""),0,IF(OR($K19="",$M19=""),"",IFERROR($K19*$M19*(1+'Assumptions'!$B$13),"")))) | S19: =IF(OR($C19="",$N19="",$Q19=""),"",IFERROR(($N19+$Q19)*VLOOKUP($F19,'Assumptions'!$A$5:$F$8,6,FALSE),"")) | T19: =IF($C19="","",IF(OR($N19="",$Q19="",$R19="",$S19=""),"",SUM($N19,$Q19,$R19,$S19))) | U19: =IF($C19="","",IF(OR($F19="",$J19="",AND($K19<>"",$M19=""),AND($K19="",$M19<>"")),"",IFERROR($J19*'Assumptions'!$B$14*VLOOKUP($F19,'Assumptions'!$A$5:$F$8,5,FALSE)+IF(AND($K19="",$M19=""),0,$K19*$M19),""))) | V19: =IF(OR($C19="",$T19="",$U19=""),"",IFERROR(($T19-$U19)/$T19,"")) | W19: =IF($C19="","",IF(OR($A19="",$B19="",$D19="",$E19="",$F19="",$G19="",$H19="",$I19="",$J19=""),"Complete required inputs",IF($J19>'Assumptions'!$B$15,"Check labor hours",IF(OR(AND($K19<>"",$M19=""),AND($K19="",$M19<>""),AND($K19>0,$L19=""),AND($K19="",$L19<>"")),"Check parts entries",IF($I19="Needs Review","Review entered status","")))))
N20: =IF(OR($C20="",$F20=""),"",IFERROR(VLOOKUP($F20,'Assumptions'!$A$5:$F$8,2,FALSE),"")) | O20: =IF(OR($C20="",$F20="",$J20=""),"",IFERROR(MAX($J20,VLOOKUP($F20,'Assumptions'!$A$5:$F$8,3,FALSE)),"")) | P20: =IF(OR($C20="",$F20=""),"",IFERROR(VLOOKUP($F20,'Assumptions'!$A$5:$F$8,4,FALSE)*VLOOKUP($F20,'Assumptions'!$A$5:$F$8,5,FALSE),"")) | Q20: =IF(OR($C20="",$O20="",$P20=""),"",IFERROR($O20*$P20,"")) | R20: =IF($C20="","",IF(AND($K20="",$M20=""),0,IF(OR($K20="",$M20=""),"",IFERROR($K20*$M20*(1+'Assumptions'!$B$13),"")))) | S20: =IF(OR($C20="",$N20="",$Q20=""),"",IFERROR(($N20+$Q20)*VLOOKUP($F20,'Assumptions'!$A$5:$F$8,6,FALSE),"")) | T20: =IF($C20="","",IF(OR($N20="",$Q20="",$R20="",$S20=""),"",SUM($N20,$Q20,$R20,$S20))) | U20: =IF($C20="","",IF(OR($F20="",$J20="",AND($K20<>"",$M20=""),AND($K20="",$M20<>"")),"",IFERROR($J20*'Assumptions'!$B$14*VLOOKUP($F20,'Assumptions'!$A$5:$F$8,5,FALSE)+IF(AND($K20="",$M20=""),0,$K20*$M20),""))) | V20: =IF(OR($C20="",$T20="",$U20=""),"",IFERROR(($T20-$U20)/$T20,"")) | W20: =IF($C20="","",IF(OR($A20="",$B20="",$D20="",$E20="",$F20="",$G20="",$H20="",$I20="",$J20=""),"Complete required inputs",IF($J20>'Assumptions'!$B$15,"Check labor hours",IF(OR(AND($K20<>"",$M20=""),AND($K20="",$M20<>""),AND($K20>0,$L20=""),AND($K20="",$L20<>"")),"Check parts entries",IF($I20="Needs Review","Review entered status","")))))
N21: =IF(OR($C21="",$F21=""),"",IFERROR(VLOOKUP($F21,'Assumptions'!$A$5:$F$8,2,FALSE),"")) | O21: =IF(OR($C21="",$F21="",$J21=""),"",IFERROR(MAX($J21,VLOOKUP($F21,'Assumptions'!$A$5:$F$8,3,FALSE)),"")) | P21: =IF(OR($C21="",$F21=""),"",IFERROR(VLOOKUP($F21,'Assumptions'!$A$5:$F$8,4,FALSE)*VLOOKUP($F21,'Assumptions'!$A$5:$F$8,5,FALSE),"")) | Q21: =IF(OR($C21="",$O21="",$P21=""),"",IFERROR($O21*$P21,"")) | R21: =IF($C21="","",IF(AND($K21="",$M21=""),0,IF(OR($K21="",$M21=""),"",IFERROR($K21*$M21*(1+'Assumptions'!$B$13),"")))) | S21: =IF(OR($C21="",$N21="",$Q21=""),"",IFERROR(($N21+$Q21)*VLOOKUP($F21,'Assumptions'!$A$5:$F$8,6,FALSE),"")) | T21: =IF($C21="","",IF(OR($N21="",$Q21="",$R21="",$S21=""),"",SUM($N21,$Q21,$R21,$S21))) | U21: =IF($C21="","",IF(OR($F21="",$J21="",AND($K21<>"",$M21=""),AND($K21="",$M21<>"")),"",IFERROR($J21*'Assumptions'!$B$14*VLOOKUP($F21,'Assumptions'!$A$5:$F$8,5,FALSE)+IF(AND($K21="",$M21=""),0,$K21*$M21),""))) | V21: =IF(OR($C21="",$T21="",$U21=""),"",IFERROR(($T21-$U21)/$T21,"")) | W21: =IF($C21="","",IF(OR($A21="",$B21="",$D21="",$E21="",$F21="",$G21="",$H21="",$I21="",$J21=""),"Complete required inputs",IF($J21>'Assumptions'!$B$15,"Check labor hours",IF(OR(AND($K21<>"",$M21=""),AND($K21="",$M21<>""),AND($K21>0,$L21=""),AND($K21="",$L21<>"")),"Check parts entries",IF($I21="Needs Review","Review entered status","")))))
N22: =IF(OR($C22="",$F22=""),"",IFERROR(VLOOKUP($F22,'Assumptions'!$A$5:$F$8,2,FALSE),"")) | O22: =IF(OR($C22="",$F22="",$J22=""),"",IFERROR(MAX($J22,VLOOKUP($F22,'Assumptions'!$A$5:$F$8,3,FALSE)),"")) | P22: =IF(OR($C22="",$F22=""),"",IFERROR(VLOOKUP($F22,'Assumptions'!$A$5:$F$8,4,FALSE)*VLOOKUP($F22,'Assumptions'!$A$5:$F$8,5,FALSE),"")) | Q22: =IF(OR($C22="",$O22="",$P22=""),"",IFERROR($O22*$P22,"")) | R22: =IF($C22="","",IF(AND($K22="",$M22=""),0,IF(OR($K22="",$M22=""),"",IFERROR($K22*$M22*(1+'Assumptions'!$B$13),"")))) | S22: =IF(OR($C22="",$N22="",$Q22=""),"",IFERROR(($N22+$Q22)*VLOOKUP($F22,'Assumptions'!$A$5:$F$8,6,FALSE),"")) | T22: =IF($C22="","",IF(OR($N22="",$Q22="",$R22="",$S22=""),"",SUM($N22,$Q22,$R22,$S22))) | U22: =IF($C22="","",IF(OR($F22="",$J22="",AND($K22<>"",$M22=""),AND($K22="",$M22<>"")),"",IFERROR($J22*'Assumptions'!$B$14*VLOOKUP($F22,'Assumptions'!$A$5:$F$8,5,FALSE)+IF(AND($K22="",$M22=""),0,$K22*$M22),""))) | V22: =IF(OR($C22="",$T22="",$U22=""),"",IFERROR(($T22-$U22)/$T22,"")) | W22: =IF($C22="","",IF(OR($A22="",$B22="",$D22="",$E22="",$F22="",$G22="",$H22="",$I22="",$J22=""),"Complete required inputs",IF($J22>'Assumptions'!$B$15,"Check labor hours",IF(OR(AND($K22<>"",$M22=""),AND($K22="",$M22<>""),AND($K22>0,$L22=""),AND($K22="",$L22<>"")),"Check parts entries",IF($I22="Needs Review","Review entered status","")))))
N23: =IF(OR($C23="",$F23=""),"",IFERROR(VLOOKUP($F23,'Assumptions'!$A$5:$F$8,2,FALSE),"")) | O23: =IF(OR($C23="",$F23="",$J23=""),"",IFERROR(MAX($J23,VLOOKUP($F23,'Assumptions'!$A$5:$F$8,3,FALSE)),"")) | P23: =IF(OR($C23="",$F23=""),"",IFERROR(VLOOKUP($F23,'Assumptions'!$A$5:$F$8,4,FALSE)*VLOOKUP($F23,'Assumptions'!$A$5:$F$8,5,FALSE),"")) | Q23: =IF(OR($C23="",$O23="",$P23=""),"",IFERROR($O23*$P23,"")) | R23: =IF($C23="","",IF(AND($K23="",$M23=""),0,IF(OR($K23="",$M23=""),"",IFERROR($K23*$M23*(1+'Assumptions'!$B$13),"")))) | S23: =IF(OR($C23="",$N23="",$Q23=""),"",IFERROR(($N23+$Q23)*VLOOKUP($F23,'Assumptions'!$A$5:$F$8,6,FALSE),"")) | T23: =IF($C23="","",IF(OR($N23="",$Q23="",$R23="",$S23=""),"",SUM($N23,$Q23,$R23,$S23))) | U23: =IF($C23="","",IF(OR($F23="",$J23="",AND($K23<>"",$M23=""),AND($K23="",$M23<>"")),"",IFERROR($J23*'Assumptions'!$B$14*VLOOKUP($F23,'Assumptions'!$A$5:$F$8,5,FALSE)+IF(AND($K23="",$M23=""),0,$K23*$M23),""))) | V23: =IF(OR($C23="",$T23="",$U23=""),"",IFERROR(($T23-$U23)/$T23,"")) | W23: =IF($C23="","",IF(OR($A23="",$B23="",$D23="",$E23="",$F23="",$G23="",$H23="",$I23="",$J23=""),"Complete required inputs",IF($J23>'Assumptions'!$B$15,"Check labor hours",IF(OR(AND($K23<>"",$M23=""),AND($K23="",$M23<>""),AND($K23>0,$L23=""),AND($K23="",$L23<>"")),"Check parts entries",IF($I23="Needs Review","Review entered status","")))))
N24: =IF(OR($C24="",$F24=""),"",IFERROR(VLOOKUP($F24,'Assumptions'!$A$5:$F$8,2,FALSE),"")) | O24: =IF(OR($C24="",$F24="",$J24=""),"",IFERROR(MAX($J24,VLOOKUP($F24,'Assumptions'!$A$5:$F$8,3,FALSE)),"")) | P24: =IF(OR($C24="",$F24=""),"",IFERROR(VLOOKUP($F24,'Assumptions'!$A$5:$F$8,4,FALSE)*VLOOKUP($F24,'Assumptions'!$A$5:$F$8,5,FALSE),"")) | Q24: =IF(OR($C24="",$O24="",$P24=""),"",IFERROR($O24*$P24,"")) | R24: =IF($C24="","",IF(AND($K24="",$M24=""),0,IF(OR($K24="",$M24=""),"",IFERROR($K24*$M24*(1+'Assumptions'!$B$13),"")))) | S24: =IF(OR($C24="",$N24="",$Q24=""),"",IFERROR(($N24+$Q24)*VLOOKUP($F24,'Assumptions'!$A$5:$F$8,6,FALSE),"")) | T24: =IF($C24="","",IF(OR($N24="",$Q24="",$R24="",$S24=""),"",SUM($N24,$Q24,$R24,$S24))) | U24: =IF($C24="","",IF(OR($F24="",$J24="",AND($K24<>"",$M24=""),AND($K24="",$M24<>"")),"",IFERROR($J24*'Assumptions'!$B$14*VLOOKUP($F24,'Assumptions'!$A$5:$F$8,5,FALSE)+IF(AND($K24="",$M24=""),0,$K24*$M24),""))) | V24: =IF(OR($C24="",$T24="",$U24=""),"",IFERROR(($T24-$U24)/$T24,"")) | W24: =IF($C24="","",IF(OR($A24="",$B24="",$D24="",$E24="",$F24="",$G24="",$H24="",$I24="",$J24=""),"Complete required inputs",IF($J24>'Assumptions'!$B$15,"Check labor hours",IF(OR(AND($K24<>"",$M24=""),AND($K24="",$M24<>""),AND($K24>0,$L24=""),AND($K24="",$L24<>"")),"Check parts entries",IF($I24="Needs Review","Review entered status","")))))
N25: =IF(OR($C25="",$F25=""),"",IFERROR(VLOOKUP($F25,'Assumptions'!$A$5:$F$8,2,FALSE),"")) | O25: =IF(OR($C25="",$F25="",$J25=""),"",IFERROR(MAX($J25,VLOOKUP($F25,'Assumptions'!$A$5:$F$8,3,FALSE)),"")) | P25: =IF(OR($C25="",$F25=""),"",IFERROR(VLOOKUP($F25,'Assumptions'!$A$5:$F$8,4,FALSE)*VLOOKUP($F25,'Assumptions'!$A$5:$F$8,5,FALSE),"")) | Q25: =IF(OR($C25="",$O25="",$P25=""),"",IFERROR($O25*$P25,"")) | R25: =IF($C25="","",IF(AND($K25="",$M25=""),0,IF(OR($K25="",$M25=""),"",IFERROR($K25*$M25*(1+'Assumptions'!$B$13),"")))) | S25: =IF(OR($C25="",$N25="",$Q25=""),"",IFERROR(($N25+$Q25)*VLOOKUP($F25,'Assumptions'!$A$5:$F$8,6,FALSE),"")) | T25: =IF($C25="","",IF(OR($N25="",$Q25="",$R25="",$S25=""),"",SUM($N25,$Q25,$R25,$S25))) | U25: =IF($C25="","",IF(OR($F25="",$J25="",AND($K25<>"",$M25=""),AND($K25="",$M25<>"")),"",IFERROR($J25*'Assumptions'!$B$14*VLOOKUP($F25,'Assumptions'!$A$5:$F$8,5,FALSE)+IF(AND($K25="",$M25=""),0,$K25*$M25),""))) | V25: =IF(OR($C25="",$T25="",$U25=""),"",IFERROR(($T25-$U25)/$T25,"")) | W25: =IF($C25="","",IF(OR($A25="",$B25="",$D25="",$E25="",$F25="",$G25="",$H25="",$I25="",$J25=""),"Complete required inputs",IF($J25>'Assumptions'!$B$15,"Check labor hours",IF(OR(AND($K25<>"",$M25=""),AND($K25="",$M25<>""),AND($K25>0,$L25=""),AND($K25="",$L25<>"")),"Check parts entries",IF($I25="Needs Review","Review entered status","")))))
N26: =IF(OR($C26="",$F26=""),"",IFERROR(VLOOKUP($F26,'Assumptions'!$A$5:$F$8,2,FALSE),"")) | O26: =IF(OR($C26="",$F26="",$J26=""),"",IFERROR(MAX($J26,VLOOKUP($F26,'Assumptions'!$A$5:$F$8,3,FALSE)),"")) | P26: =IF(OR($C26="",$F26=""),"",IFERROR(VLOOKUP($F26,'Assumptions'!$A$5:$F$8,4,FALSE)*VLOOKUP($F26,'Assumptions'!$A$5:$F$8,5,FALSE),"")) | Q26: =IF(OR($C26="",$O26="",$P26=""),"",IFERROR($O26*$P26,"")) | R26: =IF($C26="","",IF(AND($K26="",$M26=""),0,IF(OR($K26="",$M26=""),"",IFERROR($K26*$M26*(1+'Assumptions'!$B$13),"")))) | S26: =IF(OR($C26="",$N26="",$Q26=""),"",IFERROR(($N26+$Q26)*VLOOKUP($F26,'Assumptions'!$A$5:$F$8,6,FALSE),"")) | T26: =IF($C26="","",IF(OR($N26="",$Q26="",$R26="",$S26=""),"",SUM($N26,$Q26,$R26,$S26))) | U26: =IF($C26="","",IF(OR($F26="",$J26="",AND($K26<>"",$M26=""),AND($K26="",$M26<>"")),"",IFERROR($J26*'Assumptions'!$B$14*VLOOKUP($F26,'Assumptions'!$A$5:$F$8,5,FALSE)+IF(AND($K26="",$M26=""),0,$K26*$M26),""))) | V26: =IF(OR($C26="",$T26="",$U26=""),"",IFERROR(($T26-$U26)/$T26,"")) | W26: =IF($C26="","",IF(OR($A26="",$B26="",$D26="",$E26="",$F26="",$G26="",$H26="",$I26="",$J26=""),"Complete required inputs",IF($J26>'Assumptions'!$B$15,"Check labor hours",IF(OR(AND($K26<>"",$M26=""),AND($K26="",$M26<>""),AND($K26>0,$L26=""),AND($K26="",$L26<>"")),"Check parts entries",IF($I26="Needs Review","Review entered status","")))))
... N104: =IF(OR($C104="",$F104=""),"",IFERROR(VLOOKUP($F104,'Assumptions'!$A$5:$F$8,2,FALSE),"")) | O104: =IF(OR($C104="",$F104="",$J104=""),"",IFERROR(MAX($J104,VLOOKUP($F104,'Assumptions'!$A$5:$F$8,3,FALSE)),"")) | P104: =IF(OR($C104="",$F104=""),"",IFERROR(VLOOKUP($F104,'Assumptions'!$A$5:$F$8,4,FALSE)*VLOOKUP($F104,'Assumptions'!$A$5:$F$8,5,FALSE),"")) | Q104: =IF(OR($C104="",$O104="",$P104=""),"",IFERROR($O104*$P104,"")) | R104: =IF($C104="","",IF(AND($K104="",$M104=""),0,IF(OR($K104="",$M104=""),"",IFERROR($K104*$M104*(1+'Assumptions'!$B$13),"")))) | S104: =IF(OR($C104="",$N104="",$Q104=""),"",IFERROR(($N104+$Q104)*VLOOKUP($F104,'Assumptions'!$A$5:$F$8,6,FALSE),"")) | T104: =IF($C104="","",IF(OR($N104="",$Q104="",$R104="",$S104=""),"",SUM($N104,$Q104,$R104,$S104))) | U104: =IF($C104="","",IF(OR($F104="",$J104="",AND($K104<>"",$M104=""),AND($K104="",$M104<>"")),"",IFERROR($J104*'Assumptions'!$B$14*VLOOKUP($F104,'Assumptions'!$A$5:$F$8,5,FALSE)+IF(AND($K104="",$M104=""),0,$K104*$M104),""))) | V104: =IF(OR($C104="",$T104="",$U104=""),"",IFERROR(($T104-$U104)/$T104,"")) | W104: =IF($C104="","",IF(OR($A104="",$B104="",$D104="",$E104="",$F104="",$G104="",$H104="",$I104="",$J104=""),"Complete required inputs",IF($J104>'Assumptions'!$B$15,"Check labor hours",IF(OR(AND($K104<>"",$M104=""),AND($K104="",$M104<>""),AND($K104>0,$L104=""),AND($K104="",$L104<>"")),"Check parts entries",IF($I104="Needs Review","Review entered status","")))))

Sheet Assumptions
A1: Editable Emergency Service Assumptions
A2: Orange cells are planning inputs. Review rates and entered statuses before using an estimate.
A3: Service Window Rates | H3: Editable Choice Lists
A4: Service Window | B4: Minimum Callout | C4: Minimum Labor Hours | D4: Base Labor Rate | E4: Labor Multiplier | F4: Emergency Premium | H4: Technician | I4: Responsibility | J4: Status | K4: Parts Unit
A5: Normal Hours | B5: 95 | C5: 1 | D5: 115 | E5: 1 | F5: 0 | H5: Fictional Tech A | I5: Customer | J5: Draft | K5: Each
A6: Weeknight | B6: 165 | C6: 2 | D6: 115 | E6: 1.5 | F6: 0.1 | H6: Fictional Tech B | I6: Contractor | J6: Needs Review | K6: Foot
A7: Weekend | B7: 195 | C7: 2 | D7: 115 | E7: 1.5 | F7: 0.15 | H7: Fictional Tech C | I7: Warranty Review | J7: Scheduled | K7: Pound
A8: Holiday | B8: 250 | C8: 3 | D8: 115 | E8: 2 | F8: 0.2 | H8: Fictional Tech D | J8: Completed | K8: Gallon
J9: Canceled
A10: Price Method | B10: Minimum callout plus billable labor, marked-up parts, and emergency premium.
A11: Global Assumptions and Limits
A12: Global Assumption | B12: Value
A13: Parts Markup | B13: 0.35
A14: Internal Labor Cost per Hour | B14: 42
A15: Labor Hours Check Threshold | B15: 16
A16: Maximum Labor Hours Allowed | B16: 24
A17: Earliest Service Date | B17: 45912
A18: Latest Service Date | B18: 46642
A19: Maximum Parts Quantity | B19: 10000
A20: Maximum Parts Unit Cost | B20: 100000
A21: Premium Method | B21: Emergency premium applies to the minimum callout and labor charge.
A22: Cost Method | B22: Direct cost uses entered labor hours, internal labor cost, service multiplier, and parts cost.
A23: Taxes | B23: Taxes are not included in the calculated price.
